[Event "2020 Northwest Chess Winter Open"]
[Site "Chess.com"]
[Date "2020.12.13"]
[Round "4"]
[White "Valentin Razmov (Coach_Valent"]
[Black "Edward Cheng (poocoolpro)"]
[Result "1-0"]
[ECO "E94"]
[WhiteElo "1986"]
[BlackElo "1738"]
[Annotator "Valentin Razmov"]
[PlyCount "55"]
[EventDate "2020.??.??"]
[TimeControl "1500+5"]

1. d4 Nf6 2. c4
g6 3. Nc3 Bg7 4. e4 d6 5. Nf3 O-O 6. Be2 e5 7. O-O exd4 8. Nxd4 Re8 9. f3 c6
10. Bg5 {A rare line of the King's Indian; more common are 10.Kh1 and 10.Nc2,
in both cases avoiding Black's pressure on the d4-knight.} h6 11. Bh4 Nbd7 12.
Kh1 {White has to play this prophylactic move sooner or later in order to
untie their hands from the potential pin (or queen check) along the g1-a7
diagonal.} Nc5 13. Re1 $2 {With an abundance of normal options - Qc2, Nb3, Rc1,
etc. - White goes astray, overlooking a tactic against the overloaded bishop
on h4. White's idea with the rook move was to free the f1-square for the
bishop, thus fortifying the king's defense while activating the rook along the
e-file simultaneously.} g5 $2 {Black doesn't notice the tactical opportunity.}
(13... Nfxe4 $1 14. Bxd8 Nf2+ 15. Kg1 Nxd1 16. Raxd1 Rxd8 {after which Black
would be a healthy pawn up.}) 14. Bf2 Ne6 $6 {Giving the White knight what it
has been hoping for: easy access to the newly weakened f5-square.} (14... Nh7 {
was a better move, opening up the bishops, while keeping an eye on the
f5-square.}) 15. Nf5 d5 $2 {Black loses the thread of play and loses a pawn as
a result. Required was 15... Bf8 to keep things together.} 16. Nxg7 Kxg7 17.
cxd5 cxd5 18. Nxd5 {White seeks to open up the position for its two bishops,
especially because the black king is unsafe.} Nxd5 19. exd5 {Preserving queens
on the board, as the White queen can be useful in the upcoming attack.} Nf4 20.
Bc4 Rxe1+ {Necessary, since White was threatening Rxe8, Qd4+, and Re1,
activating all pieces while Black remains partly undeveloped.} 21. Bxe1 {
With the idea to build a battery on the long diagonal via Bc3 & Qd4.} Bf5 22.
Bc3+ f6 23. Qd4 {Natural and strong. White has to remain alert to Black's
counterplay options, for example...} (23. d6 Rc8 24. Qd4 Rc6 25. Rd1 Bd3 $5 {
an interference that could cause problems if unforeseen} 26. Rxd3 Nxd3 27. Qxd3
Rxd6 28. Qe2 Rd1+ 29. Be1 Rd7 30. Qf2 {and White will be able to consolidate
soon.}) 23... Rc8 (23... Qb6 {was worth considering - to relieve the building
pressure of White's attack.}) 24. Re1 $2 {An obvious developing move, played
automatically - but also a tactical mistake! White's queen is surprisingly
short of squares near the center of the board, yet it is responsible for
defending the bishop on c4! Curiously, the previous tactical mistake by White
was also a Re1 move, on move 13.} Qd6 $2 {Missing the tactical chance that had
just opened up, and in turn falling into a trap.} (24... Ne6 $1 {This
surprising tactic could have offered Black some relief, for example:} 25. Qxa7
Rxc4 26. dxe6 Qe7 27. a3 Rc6 28. Bb4 Rxe6 $1 29. Rxe6 Qxe6 30. Qxb7+ {and,
after securing the backrank next, White should still be able to win this
technical opposite-colored endgame.}) 25. Re6 $3 {With the few minutes left on
the clock, White was able to convince themselves that this interference
sacrifice is indeed a winner and a brilliancy candidate. Ironically, the white
rook lands with great effect on the very square where the black knight could
have jumped to complicate matters on the previous move.} Nxe6 (25... Qd8 26.
Rxf6 {+-}) 26. Qxf6+ Kh7 $4 {This leads to immediate checkmate. The
alternative was also losing for Black, though with considerably more technique
required from White:} (26... Kg8 27. Qh8+ Kf7 28. Qxc8 Ng7 29. Qxb7+ Qd7 {
and White's advantage is sufficient to easily win even by simply exchanging
down into a bishop endgame with extra pawns.} (29... Bd7 30. Bb4 $1)) 27. Qf7+
Ng7 28. Qxg7# {Coach_Valentin won by checkmate} 1-0

[Event "SCC Extravaganza"]
[Site "Chess.com"]
[Date "2020.11.14"]
[Round "2"]
[White "Bernadskiy, Vitaliy"]
[Black "Talukdar, Rohan"]
[Result "1-0"]
[ECO "B23"]
[WhiteElo "2689"]
[BlackElo "2410"]
[Annotator "Ralph Dubisch"]
[PlyCount "57"]
[EventDate "2020.??.??"]
[TimeControl "2700+5"]

1. e4 c5 2.
Nc3 d6 3. f4 g6 4. Nf3 Bg7 5. Bc4 Nc6 6. O-O e6 7. d4 $5 ({A new move, at
least for me. It appears to introduce some complications, a few ways for Black
to overreach, and suggests the d6-pawn is a weakness.} 7. d3 {is the normal
move here, though I've also seen 7.f5 occasionally and even more rarely 7.Qe1.
After 7.d3, play might continue} Nge7 8. Qe1 O-O 9. f5 {, getting in all three
of those moves, though I personally feel} gxf5 {is fine for Black.}) 7... cxd4
8. Nb5 Nge7 ({Very sensible development. Obviously Black can't attempt to hold
the pawn:} 8... e5 $4 9. fxe5 dxe5 10. Ng5 $18 {, and f7 is overwhelmed.}) 9.
Nbxd4 O-O ({Black could get a little frisky in the center now:} 9... d5 10.
exd5 Nxd4 11. Nxd4 O-O $1 {, which must be at least equal.}) 10. Bb3 Na5 11. c3
Nxb3 12. axb3 (12. Qxb3 $5) 12... e5 $1 13. Ne2 d5 $5 ({Black complicates.
Instead, Black could consider} 13... f5 $15 {. Both sides have weaknesses, but
the bishop-pair looks like a reliable small advantage for Black, and the
central tension is not at all uncomfortable. It could prove difficult for
White to effectively utilize the e2-knight.}) 14. exd5 (14. fxe5 dxe4 15. Qxd8
Rxd8 16. Ng5 Bf5 17. Ng3 Bxe5 18. N5xe4 $13) 14... e4 15. Ng5 Nxd5 16. Nxe4 Bg4
(16... Qb6+ 17. Kh1 Rd8 $15 {gives Black plenty of compensation for the pawn,
with the bishop-pair and activity.}) 17. h3 Qb6+ (17... Re8 18. hxg4 (18. N4g3
$2 Nxc3 $1 19. bxc3 (19. Qxd8 Nxe2+ 20. Nxe2 Raxd8 21. hxg4 Rxe2 $17) 19...
Qxd1 20. Rxd1 Bxe2 $15) 18... Rxe4 19. Ng3 {is another possibility.}) 18. Kh2
Bxe2 (18... Rae8 $5 19. hxg4 (19. Qxd5 Bxe2 20. Re1 Qb5 21. Qxb5 Bxb5 22. Bd2 {
, with maybe a slim edge to White.}) 19... Rxe4 20. Qxd5 (20. Ng3 Ne3 21. Bxe3
Rxe3 $13) 20... Rxe2 21. Ra4 $14) 19. Qxe2 Qxb3 $4 (19... Rfe8 20. Qc4) 20. Nc5
Nxc3 (20... Qb6 {is no better:} 21. Nd7 Qc7 22. Nxf8 $18) 21. bxc3 Qxc3 22. Ba3
Rfe8 23. Qb5 b6 24. Nd7 ({White accurately threads the needle.} 24. Na4 {
seems safe and sane.}) 24... Rad8 ({Black can head for a difficult, likely
just lost, endgame here, trying to claim those two passed pawns are worth a
piece:} 24... Rac8 25. Ra2 Qc6 {.}) 25. Bd6 $1 {White aims the bishop at the
e5-square.} a6 ({Perhaps the most interesting try for Black here is} 25... Qxa1
26. Rxa1 Bxa1 27. Qa4 Bg7 {, giving up the queenside pawns to try to defend
the kingside with an equal piece count, albeit a clear quality deficit.}) 26.
Rxa6 Qd2 27. Rxb6 Re2 28. Qc6 {Now Rb8 is coming, and White's extra piece will
rule.} Rxd7 $2 29. Qa8+ {VitaliyBernadskiy won by resignation} 1-0

[Event "SCC Extravaganza"]
[Site "Chess.com"]
[Date "2020.11.15"]
[Round "5"]
[White "Shahinyan, David"]
[Black "Talukdar, Rohan"]
[Result "1-0"]
[ECO "B23"]
[WhiteElo "2518"]
[BlackElo "2410"]
[Annotator "Ralph Dubisch"]
[PlyCount "121"]
[EventDate "2020.??.??"]
[TimeControl "2700+5"]

1. e4 c5 2. Nc3 d6 3. f4 g6 4. Nf3 Bg7 5. Bc4 Nc6 6. O-O e6 7. d4
cxd4 8. Nb5 Nge7 9. Bb3 O-O 10. Nbxd4 Na5 {Here we are again, a line I've
never seen before, initiated by White, with the same captain of the Black
forces. Either this is the new popular line, or they've been watching each
other's games.} 11. Be3 {I definitely prefer this bishop development to the 11.
c3 chosen by the Grandmaster in the other game.} Bd7 12. Qe1 Bc6 $6 (12... e5
13. fxe5 dxe5 14. Ne2 Nxb3 15. axb3 Bc6 {. Black is not worse.}) 13. f5 ({
White starts evolutionary work on the white squares, but there are some more
revolutionary approaches to consider:} 13. Nxe6 $5 fxe6 14. Bxe6+ Kh8 15. b4
Bxe4 16. bxa5 Nf5 $13) ({Or} 13. Bxe6 $1 Bxe4 (13... fxe6 $4 14. Nxe6 Qd7 15.
Nxf8 Rxf8 16. Qxa5 $18) 14. Ng5 {with complications. One extended possibility:}
Nac6 15. Bxf7+ (15. f5 $5) 15... Rxf7 16. Nde6 Qd7 17. Nxg7 Bxg2 $1 18. Nxf7
Bxf1 19. Nh6+ $1 Kxg7 20. Qc3+ Kxh6 21. f5+ g5 22. Qf6+ Ng6 23. Qxg5+ Kg7 24.
Rxf1 $13) 13... Nxb3 14. axb3 exf5 15. exf5 Nd5 (15... Bxf3 16. Rxf3 Nd5) 16.
Nxc6 bxc6 17. Bd4 (17. fxg6 hxg6 (17... fxg6 18. Bd4 $14) 18. Ng5 {might be
met with} Bd4 $1 19. Bxd4 Qxg5 $13 {.}) 17... Bxd4+ 18. Nxd4 Qb6 19. Qf2 Rae8
20. Rae1 Ne3 $6 (20... Rxe1 21. Rxe1 c5) 21. Rxe3 Qxd4 22. Rc3 ({White can
force Black into a fairly passive rook ending:} 22. Rxe8 Qxf2+ 23. Kxf2 Rxe8
24. Ra1 Re7 25. Ra6 Rc7 26. f6 $16 {.}) 22... Qxf2+ 23. Kxf2 c5 (23... Re5 {
first, perhaps:} 24. Rxc6 Rxf5+ 25. Kg1 Rd5 {.}) 24. Rd1 $1 Re5 25. Rxd6 Rxf5+
26. Rf3 $14 Rh5 27. h3 Re5 28. Rd7 f5 $2 29. Rxa7 ({Opportunity:} 29. Re3 $1
Rxe3 30. Kxe3 Rf7 31. Rd8+ Kg7 (31... Rf8 32. Rxf8+ Kxf8 33. Kf4 {looks
winning for White.}) 32. Rc8 $16 {.}) 29... Rfe8 (29... Rd8 $1 {activates
Black's rooks, and makes it very hard for White to convert the pawn.} 30. Rd3
Rxd3 31. cxd3 f4 $14 {.}) 30. Rd3 $1 Re2+ 31. Kg3 Rxc2 32. Rdd7 Rxb2 33. Rg7+
Kh8 34. Rxh7+ Kg8 35. Rag7+ Kf8 36. Rb7 Kg8 37. Rhg7+ Kh8 38. Rxg6 $6 (38. Rgc7
$16) 38... c4 39. b4 Rg8 (39... Rc8 $1 {Rooks belong behind passed pawns, and
both of Black's rooks are doing their job.}) 40. Rxg8+ Kxg8 41. Rb5 c3 (41...
f4+ 42. Kf3 $18) 42. Rxf5 Rxb4 43. Rc5 Rb3 44. Rc7 Kf8 45. Kh4 Ke8 46. g4 Kd8
47. Rc4 Ke7 48. Kh5 (48. g5 $1 $18 {Advancing the pawn now, while the king
still has cover from checks and the black pawn is two moves away from
promotion, earns White the point.}) 48... c2 $1 49. h4 $2 (49. Rc7+ $1 {
forces the black king to an unfavorable square for the rook versus rook and
pawn ending.}) (49. Rxc2 {also works:} Rxh3+ 50. Kg6 Rg3 51. g5 {, and now} Kf8
52. Rc8+ Ke7 53. Rg8 Rg1 54. Kh7 Rh1+ 55. Kg7 Rg1 56. g6 {is a very well-known
win.}) 49... Rb2 50. g5 Kd6 51. Rc8 {(#Diagram after 51.Rc8} Kd7 $4 ({The king
was in exactly the right place! So} 51... Ra2 $3 {Now how does White try to
make progress?} 52. Z0 (52. Rc3 Kd5 $1 53. Kh6 (53. Rc7 Kd6 54. Rc8 Rb2 $1 {
Notice the black king keeping to d6 and d5, depending on the distance to the
black rook.}) 53... Ra6+ 54. g6 Rc6 55. Rxc2 Rxc2 56. g7 Rg2 57. Kh7 Ke6 58.
g8=Q+ (58. h5 Kf7 59. h6 Rg6 60. g8=Q+ Rxg8) 58... Rxg8 59. Kxg8 Kf5 60. h5 Kg5
) (52. Kg4 Ra4+ 53. Kh5 Ra2 {repeats.}) (52. Rc4 Rb2 53. Rc3 Kd5 54. Rc8 (54.
g6 Kd4 55. Rxc2 Rxc2 56. Kh6 Ke5 57. g7 Rg2 58. Kh7 Kf6 59. g8=Q Rxg8 60. Kxg8
Kg6) 54... Kd6 {. As soon as the white king is exposed, Black can check to
swing the rook to the c-file, then defend rook versus pawns accurately. For
example} 55. Kh6 Kd7 56. Rc3 Rb6+ 57. g6 Rc6 58. Rxc2 Rxc2 59. g7 Rg2 60. Kh7
Ke6 61. g8=Q+ Rxg8 62. Kxg8 Kf6 63. Kh7 Kf7 {.}) (52. Kh6 Kd7 53. Rc5 Ra6+ 54.
g6 Rc6 55. Rxc2 Rxc2 56. g7 Rg2 57. Kh7 Rh2 {or any of the other methods
outlined above.})) 52. Rc3 $18 Kd6 53. Kh6 Kd5 54. g6 Kd4 55. Rc8 Kd3 56. g7
Rb6+ 57. Kh7 Rb4 58. h5 Rb7 59. h6 Kd2 60. Rxc2+ Kxc2 61. Kh8 1-0

[Event "SCC Extravaganza"]
[Site "Chess.com"]
[Date "2020.11.14"]
[Round "3"]
[White "Li, Edward"]
[Black "Cluff, Austin"]
[Result "0-1"]
[ECO "B02"]
[WhiteElo "1733"]
[BlackElo "1726"]
[Annotator "Ralph Dubisch"]
[PlyCount "72"]
[EventDate "2020.??.??"]
[TimeControl "2700+5"]

1. e4 Nf6 2. Nc3 ({White
scores quite well in the main lines, such as} 2. e5 Nd5 3. d4 d6 4. Nf3 Bg4 5.
Be2 e6 6. O-O Be7 7. c4 Nb6 8. Nc3 O-O 9. Be3 {, but 2.Nc3 is certainly sound,
and contains ample room for transpositions.}) 2... d5 ({Black could choose to
head into symmetric king pawn openings -- the Vienna Game, in this case.} 2...
e5) 3. exd5 (3. e5 {gives Black three choices:} Nfd7 (3... d4) (3... Ne4)) 3...
Nxd5 4. Bc4 c6 5. Qf3 e6 6. Nge2 Nd7 7. d4 Qf6 (7... N7f6 {is also solid.}) 8.
Qxf6 ({I would tend to avoid this queen exchange with} 8. Qg3 {.}) 8... N7xf6
9. Bd2 Bd6 10. Nxd5 exd5 11. Bd3 Ne4 12. Bf4 Bxf4 13. Nxf4 g5 $6 ({It's not
easy to justify this kingside lunge. Instead,} 13... Nd6 14. O-O-O Bf5 15.
Rhe1+ Kd7 {looks completely equal.}) 14. Ne2 (14. f3 $1 Nf6 (14... gxf4 $2 15.
fxe4 $16) (14... Nd6 15. Nh5 {and ...Bf5 is no longer an option.}) 15. Ne2 $14
{avoids Black's kingside expansion lines involving ...f5 as well as the ...Bf5
development.}) 14... f5 $6 (14... Bf5 {. If White has an edge here it's very
small.}) 15. f3 $1 Nd6 (15... h6 16. h4 Rg8 17. hxg5 hxg5 18. Rh6 Kf7 19. fxe4
fxe4 20. Bxe4 dxe4 21. Ng3 $14) 16. O-O-O (16. h4 {is a key idea, undermining
the black pawn duo and opening lines for White's quickly-developed rooks.} g4
17. fxg4 fxg4 18. O-O $16) 16... Bd7 17. Ng3 O-O-O 18. Rhe1 h5 19. Ne2 g4 $6 (
19... h4) 20. Nf4 Rdg8 21. Rg1 h4 22. h3 (22. Rde1) 22... gxf3 (22... Rg7 {
maintains the tension until a favorable moment.}) 23. gxf3 Rg3 24. Ng6 $2 ({
It's actually fine to take the rook:} 24. Rxg3 hxg3 25. Kd2 Rh4 26. Ke3 $14)
24... Rh6 25. Ne5 ({Now} 25. Rxg3 hxg3 26. Nf4 Rh4 $15 {and the white king is
too far away to anchor the knight.}) 25... Rh7 $15 (25... f4 $19) 26. Nxd7 $2 (
{Exchanging White's best piece for Black's worst without specific reason can't
be a good idea. Better, and essentially equal, is} 26. Kd2 Rhg7 27. Rxg3 Rxg3
28. Ke3 Ne4 (28... Rxh3 $2 29. Kf4 Rh2 30. Rg1 $16 {White's pieces are very
active.}) 29. Rh1 $13) 26... Kxd7 27. Rxg3 $2 hxg3 {We now get an object
lesson on how a good knight with an advanced outpost utterly dominates a bad
bishop.} 28. Bf1 f4 $19 {Outpost e3.} 29. Bg2 Nf5 30. Rd2 Ne3 31. Re2 Nxg2 32.
Rxg2 Rxh3 {Extra protected passed pawns are good, too.} 33. Kd1 Rh2 34. Rg1 Rf2
35. a3 Rxf3 36. Rg2 Re3 0-1